[Event "55th Biel Festival QRT Rapid"]
[Site "Biel"]
[Date "2022.07.12"]
[Round "3.1"]
[White "Muradli Mahammad"]
[Black "Yu Yangyi"]
[Result "0-1"]
[ECO "D19"]
[WhiteElo "2432"]
[BlackElo "2738"]
[Annotator "ChessBase"]
[PlyCount "62"]
[EventDate "2022.07.12"]
[EventType "tourn"]
[EventCountry "SUI"]
[SourceTitle "playchess.com"]
[Source "ChessBase"]
[SourceQuality "1"]
[TimeControl "900+5"]

1. Nf3 d5 2. d4 Nf6 3. c4 c6 4. Nc3 dxc4 5. a4 Bf5 6. e3 e6 7. Bxc4 Bb4 8. O-O O-O 9. Qe2 Bg6 10. Ne5 Nbd7 11. Rd1 Qa5 12. Nxg6 hxg6 13. e4 e5 14. Be3 Bxc3 15. bxc3 Nxe4 16. Qd3 Qxc3 17. Bxf7+ Rxf7 18. Qxe4 Nf6 19. Qxg6 Nd5 20. Rdc1 Qa5 21. Rc5 Qc7 22. Re1 Raf8 23. dxe5 Qxe5 24. Rcc1 Nxe3 25. Rxe3 Qd4 26. Rce1 Rxf2 27. Qe6+ R2f7 28. a5 Qd7 29. Qb3 Qd2 30. h3 Qxa5 31. Re7 Qb6+ 0-1

[Event "55th Biel Festival QRT Rapid"]
[Site "Biel"]
[Date "2022.07.12"]
[Round "3.2"]
[White "Motylev Alexander"]
[Black "Gagare Shardul"]
[Result "*"]
[ECO "C95"]
[WhiteElo "2721"]
[BlackElo "2449"]
[Annotator "ChessBase"]
[PlyCount "56"]
[EventDate "2022.07.12"]
[EventType "tourn"]
[EventCountry "SUI"]
[SourceTitle "playchess.com"]
[Source "ChessBase"]
[SourceQuality "1"]
[TimeControl "900+5"]

1. e4 e5 2. Nf3 Nc6 3. Bb5 a6 4. Ba4 Nf6 5. O-O Be7 6. Re1 b5 7. Bb3 d6 8. c3 O-O 9. h3 Nb8 10. d4 Nbd7 11. Nbd2 Bb7 12. Bc2 Re8 13. Nf1 Bf8 14. Ng3 g6 15. Bg5 Bg7 16. Qd2 Qc8 17. Rad1 a5 18. Bh6 Bh8 19. Qg5 Ra6 20. Qh4 exd4 21. cxd4 c5 22. Nf5 cxd4 23. N3xd4 Ne5 24. Bb1 Nfd7 25. Nxb5 gxf5 26. Qg3+ Ng6 27. exf5 Be5 28. f4 Bg7 *

[Event "55th Biel Festival QRT Rapid"]
[Site "Biel"]
[Date "2022.07.12"]
[Round "3.3"]
[White "Gallagher Joseph G."]
[Black "Lagarde Maxime"]
[Result "*"]
[ECO "C46"]
[WhiteElo "2425"]
[BlackElo "2653"]
[Annotator "ChessBase"]
[PlyCount "55"]
[EventDate "2022.07.12"]
[EventType "tourn"]
[EventCountry "SUI"]
[SourceTitle "playchess.com"]
[Source "ChessBase"]
[SourceQuality "1"]
[TimeControl "900+5"]

1. e4 e5 2. Nf3 Nc6 3. Nc3 Bc5 4. Nxe5 Nxe5 5. d4 Bd6 6. dxe5 Bxe5 7. Bd3 d6 8. Be3 Nf6 9. f3 O-O 10. Qd2 c6 11. O-O-O d5 12. f4 Bc7 13. e5 Ng4 14. Bc5 Bb6 15. Bg1 f6 16. h3 Nh6 17. g4 fxe5 18. fxe5 Nf7 19. Re1 Ng5 20. Be2 Be6 21. h4 Nf7 22. Bh2 Nh6 23. g5 Nf5 24. Bg1 Ba5 25. Qd1 Bxc3 26. bxc3 Qa5 27. Qd3 Qa3+ 28. Kd2 *

[Event "55th Biel Festival QRT Rapid"]
[Site "Biel"]
[Date "2022.07.12"]
[Round "3.4"]
[White "Iturrizaga Bonelli Eduardo"]
[Black "Haimovich Tal"]
[Result "*"]
[ECO "A12"]
[WhiteElo "2632"]
[BlackElo "2340"]
[Annotator "ChessBase"]
[PlyCount "89"]
[EventDate "2022.07.12"]
[EventType "tourn"]
[EventCountry "SUI"]
[SourceTitle "playchess.com"]
[Source "ChessBase"]
[SourceQuality "1"]
[TimeControl "900+5"]

1. c4 Nf6 2. g3 c6 3. Nf3 d5 4. b3 Bf5 5. Bb2 e6 6. Bg2 Nbd7 7. O-O Be7 8. d3 O-O 9. Nh4 Bg6 10. Nxg6 hxg6 11. d4 a5 12. Nc3 Bb4 13. Qc2 Rc8 14. a3 Bxc3 15. Bxc3 b5 16. c5 Re8 17. f4 Qc7 18. h3 Ra8 19. e3 a4 20. b4 Ne4 21. Bxe4 dxe4 22. Qxe4 f5 23. Qg2 Nf6 24. g4 Qd7 25. Be1 Qd5 26. Bh4 Qxg2+ 27. Kxg2 Ne4 28. Rh1 Kf7 29. Rag1 Rh8 30. Be1 Rh7 31. Kf3 Rah8 32. h4 Nf6 33. gxf5 exf5 34. Rg2 Re8 35. Rhg1 Rh6 36. Rg5 Nd5 37. Bf2 Re6 38. Rd1 Rh5 39. Rgg1 Rh8 40. Rd3 Rhe8 41. Rh1 Rh8 42. Rdd1 Rhe8 43. Rde1 Nf6 44. Reg1 Rh8 45. Rg2 *

[Event "55th Biel Festival QRT Rapid"]
[Site "Biel"]
[Date "2022.07.12"]
[Round "3.5"]
[White "Katz Alexander"]
[Black "Sethuraman S.P."]
[Result "*"]
[ECO "B51"]
[WhiteElo "2388"]
[BlackElo "2556"]
[Annotator "ChessBase"]
[PlyCount "56"]
[EventDate "2022.07.12"]
[EventType "tourn"]
[EventCountry "SUI"]
[SourceTitle "playchess.com"]
[Source "ChessBase"]
[SourceQuality "1"]
[TimeControl "900+5"]

1. e4 c5 2. Nf3 d6 3. Bb5+ Nd7 4. O-O a6 5. Bd3 Ngf6 6. c3 b5 7. Bc2 Bb7 8. Re1 e6 9. d4 Be7 10. Nbd2 Qc7 11. e5 dxe5 12. dxe5 Nd5 13. Ne4 c4 14. Bg5 Bc5 15. b4 Ba7 16. Bh4 O-O 17. Qd2 Kh8 18. Qg5 h6 19. Qg3 f5 20. exf6 Qxg3 21. Bxg3 N7xf6 22. Nd6 Bc8 23. Ne5 Kg8 24. Ng6 Rd8 25. Nxc8 Raxc8 26. Rxe6 Bb8 27. Rxa6 Bxg3 28. hxg3 Ra8 *

[Event "55th Biel Festival QRT Rapid"]
[Site "Biel"]
[Date "2022.07.12"]
[Round "3.6"]
[White "Krishna C R G"]
[Black "Puranik Abhimanyu"]
[Result "*"]
[ECO "D00"]
[WhiteElo "2335"]
[BlackElo "2550"]
[Annotator "ChessBase"]
[PlyCount "55"]
[EventDate "2022.07.12"]
[EventType "tourn"]
[EventCountry "SUI"]
[SourceTitle "playchess.com"]
[Source "ChessBase"]
[SourceQuality "1"]
[TimeControl "900+5"]

1. d4 Nf6 2. Nf3 g6 3. Nc3 d5 4. Bf4 Bg7 5. e3 O-O 6. Be2 c6 7. h4 Bg4 8. Ne5 Bxe2 9. Qxe2 c5 10. O-O-O Nc6 11. dxc5 Rc8 12. Nxc6 bxc6 13. Be5 Qa5 14. g4 Rb8 15. a3 Rb7 16. Rd3 Nd7 17. Bxg7 Kxg7 18. Nd1 Nxc5 19. Rc3 Rfb8 20. Qe1 Na4 21. b4 Qc7 22. Rb3 c5 23. Nc3 Nb6 24. Qd2 cxb4 25. axb4 Nc4 26. Qxd5 Rxb4 27. Rxb4 Rxb4 28. Rd1 *

[Event "55th Biel Festival QRT Rapid"]
[Site "Biel"]
[Date "2022.07.12"]
[Round "3.7"]
[White "Milov Leonid"]
[Black "Iniyan P"]
[Result "0-1"]
[ECO "B83"]
[WhiteElo "2484"]
[BlackElo "2295"]
[Annotator "ChessBase"]
[PlyCount "56"]
[EventDate "2022.07.12"]
[EventType "tourn"]
[EventCountry "SUI"]
[SourceTitle "playchess.com"]
[Source "ChessBase"]
[SourceQuality "1"]
[TimeControl "900+5"]

1. e4 c5 2. Nf3 d6 3. d4 cxd4 4. Nxd4 Nf6 5. Nc3 a6 6. Be3 e6 7. Be2 Qc7 8. Qd2 Nc6 9. f4 Be7 10. O-O-O Bd7 11. g4 b5 12. g5 b4 13. Nd5 exd5 14. gxf6 Bxf6 15. exd5 Ne7 16. Bf3 O-O 17. Kb1 Rfc8 18. Be4 a5 19. Rc1 a4 20. c4 bxc3 21. Rxc3 Qb7 22. Rxc8+ Rxc8 23. Rc1 Rxc1+ 24. Qxc1 Nxd5 25. Bf3 a3 26. b3 Qa7 27. Bxd5 Bxd4 28. Bxf7+ Kf8 0-1

[Event "55th Biel Festival QRT Rapid"]
[Site "Biel"]
[Date "2022.07.12"]
[Round "3.8"]
[White "Prraneeth Vuppala"]
[Black "Sargsyan Shant"]
[Result "*"]
[ECO "C84"]
[WhiteElo "1628"]
[BlackElo "2477"]
[Annotator "ChessBase"]
[PlyCount "78"]
[EventDate "2022.07.12"]
[EventType "tourn"]
[EventCountry "SUI"]
[SourceTitle "playchess.com"]
[Source "ChessBase"]
[SourceQuality "1"]
[TimeControl "900+5"]

1. e4 e5 2. Nf3 Nc6 3. Bb5 a6 4. Ba4 Nf6 5. O-O Be7 6. d3 b5 7. Bb3 d6 8. c3 O-O 9. a4 Bd7 10. Bc2 Re8 11. Re1 Bf8 12. Bg5 Rb8 13. Nbd2 h6 14. Bh4 g6 15. h3 Bg7 16. axb5 axb5 17. Nf1 Qc8 18. Ne3 b4 19. Bb3 bxc3 20. bxc3 Ne7 21. Bc4 g5 22. Bg3 Ng6 23. Nh2 h5 24. f3 Nf4 25. d4 Rb2 26. Ra2 Rxa2 27. Bxa2 Qa8 28. Qd2 Rb8 29. dxe5 dxe5 30. Nf5 Bxf5 31. exf5 Qa3 32. Bxf4 exf4 33. Nf1 Rb2 34. Qd8+ Qf8 35. Qxf8+ Bxf8 36. Bc4 Bc5+ 37. Kh2 Rc2 38. Re5 Bd6 39. Re2 Rxc3 *

[Event "55th Biel Festival QRT Rapid"]
[Site "Biel"]
[Date "2022.07.12"]
[Round "3.10"]
[White "Iordachescu Viorel"]
[Black "Pranav Anand"]
[Result "*"]
[ECO "B31"]
[WhiteElo "2552"]
[BlackElo "1767"]
[Annotator "ChessBase"]
[PlyCount "75"]
[EventDate "2022.07.12"]
[EventType "tourn"]
[EventCountry "SUI"]
[SourceTitle "playchess.com"]
[Source "ChessBase"]
[SourceQuality "1"]
[TimeControl "900+5"]

1. e4 c5 2. Nf3 Nc6 3. Bb5 g6 4. Bxc6 bxc6 5. O-O Bg7 6. Re1 Nh6 7. c3 O-O 8. d4 cxd4 9. cxd4 d5 10. e5 f6 11. h3 Nf7 12. Nc3 g5 13. Qd3 e6 14. Na4 f5 15. Nc5 a5 16. Bd2 h5 17. g3 Ra7 18. h4 Bh6 19. Kg2 gxh4 20. Nxh4 Kg7 21. Bxh6+ Nxh6 22. Rh1 Rh8 23. Qd2 Rf7 24. Nd3 Ng4 25. f3 Nh6 26. Nf4 Ng8 27. Rh2 Ne7 28. Nh3 Kf8 29. Ng5 Rg7 30. f4 c5 31. Nhf3 Nc6 32. Rah1 Qe8 33. Rc1 cxd4 34. Nxd4 Nxd4 35. Qxd4 Bb7 36. Rc5 Rh6 37. Kg1 h4 38. Rxa5 *

[Event "55th Biel Festival QRT Rapid"]
[Site "Biel"]
[Date "2022.07.12"]
[Round "3.12"]
[White "Tregubov Pavel V."]
[Black "Ragios Konstantinos"]
[Result "1-0"]
[ECO "C84"]
[WhiteElo "2593"]
[BlackElo "1880"]
[Annotator "ChessBase"]
[PlyCount "45"]
[EventDate "2022.07.12"]
[EventType "tourn"]
[EventCountry "SUI"]
[SourceTitle "playchess.com"]
[Source "ChessBase"]
[SourceQuality "1"]
[TimeControl "900+5"]

1. e4 e5 2. Nf3 Nc6 3. Bb5 a6 4. Ba4 Nf6 5. d4 Nxd4 6. Nxd4 exd4 7. e5 Ne4 8. Qxd4 Nc5 9. O-O Be7 10. Bb3 O-O 11. Nc3 d6 12. Bf4 dxe5 13. Qxe5 Bd6 14. Qd4 Nxb3 15. axb3 Bxf4 16. Qxf4 Be6 17. Rfe1 h6 18. Rad1 Qc8 19. Rd3 Bf5 20. Nd5 Re8 21. Ne7+ Kf8 22. Rde3 Be6 23. Nxc8 1-0

[Event "55th Biel Festival QRT Rapid"]
[Site "Biel"]
[Date "2022.07.12"]
[Round "3.15"]
[White "Galerne Rene"]
[Black "Visakh N R"]
[Result "0-1"]
[ECO "B22"]
[WhiteElo "1719"]
[BlackElo "2391"]
[Annotator "ChessBase"]
[PlyCount "76"]
[EventDate "2022.07.12"]
[EventType "tourn"]
[EventCountry "SUI"]
[SourceTitle "playchess.com"]
[Source "ChessBase"]
[SourceQuality "1"]
[TimeControl "900+5"]

1. e4 c5 2. c3 Nf6 3. e5 Nd5 4. d4 cxd4 5. Nf3 d6 6. Bb5+ Bd7 7. Bxd7+ Qxd7 8. O-O Nc6 9. exd6 Qxd6 10. Nxd4 Rd8 11. Na3 e6 12. Bg5 Be7 13. Bxe7 Ndxe7 14. Qa4 O-O 15. Nxc6 Nxc6 16. Rad1 Qc5 17. Rxd8 Rxd8 18. Rd1 Rd5 19. Rxd5 Qxd5 20. Qb3 Qd7 21. h3 h5 22. Qc2 Qd5 23. Qb3 Qd7 24. Qc2 a6 25. Nc4 Qd5 26. b3 g6 27. Ne3 Qe5 28. Qd2 b5 29. c4 b4 30. Nf1 a5 31. Qd7 Nd4 32. Ne3 Kg7 33. Qb7 Ne2+ 34. Kf1 Nc1 35. Qb5 Qa1 36. g3 Nd3+ 37. Kg2 Qxa2 38. Nd1 Qe2 0-1

[Event "55th Biel Festival QRT Rapid"]
[Site "Biel"]
[Date "2022.07.12"]
[Round "3.16"]
[White "Abdulrahim Salem"]
[Black "Herrera Reyes Jose Antonio"]
[Result "0-1"]
[ECO "B43"]
[WhiteElo "1620"]
[BlackElo "2333"]
[Annotator "ChessBase"]
[PlyCount "72"]
[EventDate "2022.07.12"]
[EventType "tourn"]
[EventCountry "SUI"]
[SourceTitle "playchess.com"]
[Source "ChessBase"]
[SourceQuality "1"]
[TimeControl "900+5"]

1. e4 c5 2. Nf3 e6 3. d4 cxd4 4. Nxd4 a6 5. Nc3 Qc7 6. Be2 b6 7. Be3 Bb7 8. f3 d6 9. Qd2 Nd7 10. O-O Ngf6 11. Kh1 h5 12. Rad1 Be7 13. a4 h4 14. Bd3 h3 15. g3 Rc8 16. Nde2 Qb8 17. Nf4 Ne5 18. Bxb6 g5 19. Nfe2 g4 20. fxg4 Nc4 21. Bxc4 Rxc4 22. Rxf6 Bxf6 23. Qf4 Be5 24. Qf3 Qa8 25. Bd4 Rf8 26. Qd3 Rc7 27. Kg1 Qc8 28. Bb6 Rc4 29. Nd4 Rb4 30. a5 Rxb2 31. Nce2 Rb4 32. Nf3 Bxe4 33. Qd2 Rxb6 34. Nxe5 Qc5+ 35. Kf1 f6 36. axb6 fxe5+ 0-1

[Event "55th Biel Festival QRT Rapid"]
[Site "Biel"]
[Date "2022.07.12"]
[Round "3.17"]
[White "Schnepp Gunnar"]
[Black "Abdulrahman Mohammad Al Taher"]
[Result "*"]
[ECO "D37"]
[WhiteElo "2297"]
[BlackElo "1779"]
[Annotator "ChessBase"]
[PlyCount "65"]
[EventDate "2022.07.12"]
[EventType "tourn"]
[EventCountry "SUI"]
[SourceTitle "playchess.com"]
[Source "ChessBase"]
[SourceQuality "1"]
[TimeControl "900+5"]

1. d4 d5 2. c4 e6 3. Nc3 Nf6 4. Nf3 Be7 5. e3 O-O 6. Bd3 Nbd7 7. O-O dxc4 8. Bxc4 c5 9. Qe2 a6 10. a4 cxd4 11. exd4 Nb6 12. Bd3 Nbd5 13. Rd1 Bd7 14. Ne5 Rc8 15. Bd2 Bc6 16. Nxc6 Rxc6 17. Rac1 Nb4 18. Bb1 Qxd4 19. Be3 Qh4 20. Rd4 Qh5 21. Qxh5 Nxh5 22. Rd7 Bc5 23. Bxc5 Rxc5 24. Rxb7 Nd5 25. Bd3 a5 26. g3 Nhf6 27. Rc2 Nb4 28. Rd2 g6 29. Bf1 Rfc8 30. h3 Kg7 31. Rd6 R8c7 32. Rxc7 Rxc7 33. Rd8 *

[Event "55th Biel Festival QRT Rapid"]
[Site "Biel"]
[Date "2022.07.12"]
[Round "3.19"]
[White "Tureshbayev Anuar"]
[Black "Unuk Laura"]
[Result "0-1"]
[ECO "B07"]
[WhiteElo "1567"]
[BlackElo "2180"]
[Annotator "ChessBase"]
[PlyCount "20"]
[EventDate "2022.07.12"]
[EventType "tourn"]
[EventCountry "SUI"]
[SourceTitle "playchess.com"]
[Source "ChessBase"]
[SourceQuality "1"]
[TimeControl "900+5"]

1. d4 Nf6 2. Bf4 d6 3. Nc3 g6 4. e4 Bg7 5. Qd2 O-O 6. O-O-O c6 7. f3 b5 8. Bh6 Qa5 9. h4 b4 10. Nb1 Qxa2 0-1

[Event "55th Biel Festival QRT Rapid"]
[Site "Biel"]
[Date "2022.07.12"]
[Round "3.20"]
[White "Raja Harshit"]
[Black "Rau Stefan"]
[Result "1-0"]
[ECO "B11"]
[WhiteElo "2164"]
[BlackElo "1559"]
[Annotator "ChessBase"]
[PlyCount "63"]
[EventDate "2022.07.12"]
[EventType "tourn"]
[EventCountry "SUI"]
[SourceTitle "playchess.com"]
[Source "ChessBase"]
[SourceQuality "1"]
[TimeControl "900+5"]

1. e4 c6 2. Nf3 d5 3. Nc3 dxe4 4. Nxe4 Nf6 5. Qe2 Nxe4 6. Qxe4 e6 7. d4 Be7 8. Bd3 Nd7 9. Qg4 Bf6 10. h4 Nf8 11. h5 h6 12. Bd2 Bd7 13. O-O-O Qb6 14. Ne5 Bxe5 15. dxe5 Rg8 16. Bxh6 O-O-O 17. Bxg7 Qxf2 18. h6 Ng6 19. Bxg6 fxg6 20. Bf6 Rdf8 21. h7 Rh8 22. Bxh8 Rxh8 23. Qg5 Qf7 24. Rdf1 Qg7 25. Qh6 Qxe5 26. Rf8+ Rxf8 27. Qxf8+ Kc7 28. h8=Q Qd5 29. Qd8+ Kd6 30. Qhf8+ Ke5 31. Qdf6+ Ke4 32. Re1# 1-0

[Event "55th Biel Festival QRT Rapid"]
[Site "Biel"]
[Date "2022.07.12"]
[Round "3.21"]
[White "Sahithi Varshini M"]
[Black "Schweizer Simon"]
[Result "*"]
[ECO "C55"]
[WhiteElo "1392"]
[BlackElo "2145"]
[Annotator "ChessBase"]
[PlyCount "75"]
[EventDate "2022.07.12"]
[EventType "tourn"]
[EventCountry "SUI"]
[SourceTitle "playchess.com"]
[Source "ChessBase"]
[SourceQuality "1"]
[TimeControl "900+5"]

1. e4 e5 2. Nf3 Nc6 3. Bc4 Nf6 4. d3 Be7 5. O-O O-O 6. Nc3 d6 7. a4 h6 8. Bd2 Kh8 9. h3 Ng8 10. g4 Be6 11. Kg2 Nf6 12. Bxe6 fxe6 13. g5 Ng8 14. Nh4 Kh7 15. Nf3 Qe8 16. Ne2 Bd8 17. Ng3 Nce7 18. d4 Ng6 19. dxe5 dxe5 20. gxh6 gxh6 21. Ra3 Be7 22. Rb3 Qf7 23. Kh1 b6 24. Nh2 Rad8 25. Qe2 Bd6 26. Nh5 Qe8 27. Rg3 Nf4 28. Bxf4 exf4 29. Rg7+ Kh8 30. Qg4 Be5 31. Rg1 Rd7 32. Rg6 Re7 33. b3 f3 34. Nxf3 Bc3 35. Nh4 Qf7 36. f4 c5 37. e5 Qe8 38. Rxe6 *

[Event "55th Biel Festival QRT Rapid"]
[Site "Biel"]
[Date "2022.07.12"]
[Round "3.22"]
[White "Radt Volker"]
[Black "Hari Charan Sai Kalluri"]
[Result "*"]
[ECO "D10"]
[WhiteElo "2033"]
[BlackElo "1351"]
[Annotator "ChessBase"]
[PlyCount "47"]
[EventDate "2022.07.12"]
[EventType "tourn"]
[EventCountry "SUI"]
[SourceTitle "playchess.com"]
[Source "ChessBase"]
[SourceQuality "1"]
[TimeControl "900+5"]

1. d4 d5 2. c4 c6 3. cxd5 cxd5 4. Nc3 Nf6 5. Bf4 a6 6. e3 Nc6 7. Rc1 Qb6 8. Bd3 Qxb2 9. Nge2 e6 10. O-O Qb6 11. Na4 Qd8 12. Qb3 Nh5 13. Nb6 Nxf4 14. Nxa8 Nxd3 15. Rc3 Ndb4 16. a3 a5 17. axb4 Bxb4 18. Rc2 Bd7 19. Ra1 O-O 20. Nc1 Qxa8 21. Nd3 Bd6 22. Nc5 Bxc5 23. Rxc5 Qa6 24. Qb2 *